 Dungeon Crawl Stone Soup version 0.24-a0-180-g654ca03 (webtiles) character file.

Game seed: 872122270587969824

118 CloudKeeper the Skirmisher (level 5, 0/42 HPs)
             Began as a Formicid Abyssal Knight on Mar 13, 2019.
             Was a Believer of Lugonu.
             Slain by Purgy (5 damage)
             ... on level 2 of the Dungeon.
             The game lasted 00:05:34 (2092 turns).

CloudKeeper the Skirmisher (FoAK)                   Turns: 2092, Time: 00:05:35

Health: 0/42       AC: 12    Str: 18    XL:     5   Next: 23%
Magic:  6/6        EV:  7    Int: 16    God:    Lugonu [**....]
Gold:   122        SH:  0    Dex: 10    Spells: 4/4 levels left

rFire    + . .     SeeInvis +   a - +1 hand axe
rCold    . . .     Gourm    .   (no shield)
rNeg     . . .     Faith    .   m - +3 chain mail {rF+}
rPois    .         Spirit   .   (helmet unavailable)
rElec    .         Reflect  .   (no cloak)
rCorr    .         Harm     .   (no gloves)
MR       .....                  (no boots)
Stlth    ..........             (no amulet)
HPRegen  0.14/turn              (no ring)
MPRegen  0.10/turn              (no ring)

@: brilliant
A: permanent stasis, dig shafts and tunnels, four strong arms, antennae 3
a: Dig, Shaft Self, Depart the Abyss, Bend Space, Renounce Religion


You were on level 2 of the Dungeon.
You worshipped Lugonu.
Lugonu was pleased with you.
You were not hungry.

You visited 1 branch of the dungeon, and saw 3 of its levels.
You visited the Abyss 1 time.

You collected 122 gold pieces.

Inventory:

Hand Weapons
 a - a +1 hand axe (weapon)
Armour
 m - a +3 chain mail of fire resistance (worn)
Scrolls
 b - 5 scrolls of teleportation {unknown}
 e - 2 scrolls of blinking {unknown}
 f - 6 scrolls of identify {unknown}
 h - a scroll of immolation {unknown}
 i - a scroll of enchant weapon {unknown}
Comestibles
 c - 4 rations


   Skills:
 + Level 4.0 Fighting
 + Level 3.6 Axes
 + Level 3.1 Armour
 + Level 1.2 Dodging
 + Level 2.6 Invocations


You had 4 spell levels left.
You didn't know any spells.
Your spell library was empty.

Dungeon Overview and Level Annotations

Branches:
Dungeon (3/15)

Altars:

Annotations:
D:2 Purgy
D:3 Sigmund


Innate Abilities, Weirdness & Mutations

You cannot be hasted, slowed, berserked, paralysed or teleported.
You can dig through walls and to a lower floor.
Your four strong arms can wield two-handed weapons with a shield.
You have a pair of large antennae on your head. (SInv)


Message History

Purgy barely misses you. x2
You closely miss Purgy.
Purgy is lightly wounded.
Purgy bites you.
* * * LOW HITPOINT WARNING * * *
Purgy claws you but does no damage. Purgy completely misses you.
You barely miss Purgy.
Purgy is lightly wounded.
Purgy hisses menacingly.
Purgy bites you.
* * * LOW HITPOINT WARNING * * *
Purgy claws you but does no damage. Purgy barely misses you.
You hit Purgy.
Purgy is lightly wounded.
Purgy bites you but does no damage. Purgy claws you but does no damage.
Purgy barely misses you.
You slash Purgy!
Purgy is moderately wounded.
Purgy bites you.
You die...

### #.#
#.######.....###.#
#. #.####.######.#
#.###.# #.###.
..............# #.#
#.# #.#...
#.####.######## #.#
#.# #..... #.# #.#
#.# #.# #.#.#. ..#
#.# #)# #.# #.#.#.
### ##.## #.# #.#
#.#.#.
##...############.#
#.# #.#.#.
#.....#)....T@....#
#.# #.#.##
#.....#.###########
#.# #.#.##
###.....#.#
#.###.#.##
##.........#
#........#


PPPP.PPP.### #.†##.#..# ...P.P.P.# #..##.#..# .P.P.P.P.# #........# .P.P.P...#
######.##.##.# PP.P.P.P## #........[.... You could see Purgy.

Vanquished Creatures
  Terence (D:3)
  3 adders (D:2)
  3 worms (D:2)
  4 leopard geckos
  4 ball pythons
  7 goblins
  6 hobgoblins
  2 jackals (D:1)
  2 kobolds (D:1)
  8 bats
  2 frilled lizards (D:1)
  12 rats
54 creatures vanquished.

Notes
Turn   | Place    | Note
-------+----------+-------------------------------------------
     0 | Abyss:1  | CloudKeeper the Formicid Abyssal Knight began the quest for
                  | the Orb.
     0 | Abyss:1  | Reached XP level 1. HP: 18/18 MP: 2/2
    41 | Abyss:1  | Noticed a thrashing horror
    44 | D:1      | Escaped the Abyss
   113 | D:1      | Reached * piety under Lugonu
   139 | D:1      | Reached XP level 2. HP: 24/24 MP: 3/3
   199 | D:1      | Reached XP level 3. HP: 19/29 MP: 4/4
  1110 | D:2      | Reached skill level 1 in Dodging
  1130 | D:2      | Reached ** piety under Lugonu
  1143 | D:2      | Reached XP level 4. HP: 29/37 MP: 5/5
  1826 | D:3      | Noticed Terence
  1870 | D:3      | Killed Terence
  1870 | D:3      | Reached skill level 4 in Fighting
  1870 | D:3      | Reached XP level 5. HP: 21/42 MP: 6/6
  2054 | D:3      | Noticed Sigmund
  2054 | D:3      | Noticed Purgy
  2092 | D:2      | Slain by Purgy

Levels and vault maps discovered:
D:1:      sevenhm_arrival_forest_fort_large_1, layout_loops_ring,
          minmay_pentomino_z4
D:2:      layout_loops_ring, first_ration, chequers_arboretum, minmay_hedge_maze
D:3:      layout_basic, uniq_sigmund, uniq_terence, uniq_robin, uniq_purgy
Abyss:1

Skill      XL: |  1  2  3  4 |
---------------+-------------+-----
Dodging        | 1 |  1.2
Axes           | 3 |  3.6
Fighting       | 4 |  4.0
Armour         | 3 |  3.1
Invocations    | |  2.6

Action                   |  1- 3 |  4- 6 || total
-------------------------+-------+-------++-------
Melee: Hand axe          |    89 |   126 ||   215
Invok: Depart the Abyss  |     1 |       ||     1
  Use: Potion            |       |     3 ||     3
  Eat: Chunk             |     1 |     3 ||     4
Armor: Scale mail        |    50 |    23 ||    73
       Chain mail        |       |    19 ||    19
Dodge: Dodged            |    49 |    49 ||    98

Table legend:
 A = Non-vault XP
 B = Vault XP
 C = Vault XP percentage of total XP
 D = Non-vault monster count
 E = Vault monster count
 F = Vault count percentage of total count
                 A         B        C        D         E       F
            +---------+---------+-------+---------+---------+-------
      Total |     124 |      45 |  26.6 |      46 |       8 |  14.8
            +---------+---------+-------+---------+---------+-------
        D:1 |      38 |       9 |  19.1 |      20 |       7 |  25.9
        D:2 |      84 |       0 |   0.0 |      24 |       0 |   0.0
        D:3 |       2 |      36 |  94.7 |       2 |       1 |  33.3
            +---------+---------+-------+---------+---------+-------
